 Dungeon Crawl Stone Soup version 0.28.0 (webtiles) character file.

Game seed: 9399525256507783245

30 tizbic2 the Archer (level 3, 0/35 HPs)
             Began as a Gnoll Wanderer on Feb 4, 2022.
             Slain by Terence (11 damage)
             ... on level 2 of the Dungeon.
             The game lasted 00:05:33 (1643 turns).

tizbic2 the Archer (Gnoll Wanderer)                 Turns: 1643, Time: 00:05:33

Health: 0/35       AC:  5    Str: 14    XL:     3   Next: 20%
Magic:  3/3        EV:  6    Int:  7    God:
Gold:   21         SH: 11    Dex: 14    Spells: 3/3 levels left

rFire   . . .      SeeInvis .   w - +2 short sword (speed)
rCold   . . .      Faith    .   f - +0 tower shield
rNeg    . . .      Spirit   .   c - +0 ring mail
rPois   .          Reflect  .   (no helmet)
rElec   .          Harm     .   (no cloak)
rCorr   .          Rampage  .   (no gloves)
Will    .....                   (no boots)
Stlth   +.........              (no amulet)
HPRegen 0.11/turn               (no ring)
MPRegen 0.08/turn               (no ring)

@: no status effects
A: fangs 1, strong nose, distributed training
a: no special abilities


You were on level 2 of the Dungeon.
You visited 1 branch of the dungeon, and saw 2 of its levels.

You collected 21 gold pieces.

Inventory:

Hand Weapons
 q - a +3 shortbow
 w - a +2 short sword of speed (weapon)
Missiles
 a - 17 sling bullets
 b - 41 arrows
 i - 27 stones
Armour
 c - a +0 ring mail (worn)
 f - a +0 tower shield (worn)
Scrolls
 d - a scroll of identify {unknown}
 g - a scroll of teleportation {unknown}
Potions
 e - a potion of might {unknown}
 h - a potion of heal wounds {unknown}
 j - a potion of curing {unknown}


   Skills:
 + Level 6.5 Fighting
 + Level 0.6 Short Blades
 + Level 0.6 Long Blades
 + Level 0.6 Axes
 + Level 0.6 Maces & Flails
 + Level 0.6 Polearms
 + Level 0.6 Staves
 + Level 0.6 Slings
 + Level 8.5 Bows
 + Level 0.6 Crossbows
 + Level 2.5 Throwing
 + Level 2.5 Armour
 + Level 0.6 Dodging
 + Level 2.3 Stealth
 + Level 0.6 Shields
 + Level 0.6 Unarmed Combat
 + Level 0.6 Spellcasting
 + Level 0.4 Conjurations
 + Level 0.4 Hexes
 + Level 0.4 Summonings
 + Level 0.4 Necromancy
 + Level 0.4 Translocations
 + Level 0.4 Transmutations
 + Level 0.4 Fire Magic
 + Level 0.4 Ice Magic
 + Level 0.4 Air Magic
 + Level 0.4 Earth Magic
 + Level 0.4 Poison Magic
 + Level 0.8 Invocations
 + Level 0.6 Evocations


You had 3 spell levels left.
You didn't know any spells.
Your spell library was empty.

Dungeon Overview and Level Annotations

Branches:
Dungeon (2/15)

Altars:

Annotations:
D:2 Terence


Innate Abilities, Weirdness & Mutations

You have very sharp teeth.
Your uncanny sense of smell can sniff out nearby items.
Your experience applies equally to all skills.


Message History

You block Terence's attack.
You hit Terence but do no damage.
Terence is lightly wounded.
Terence barely misses you.
You hit Terence but do no damage.
Terence is lightly wounded.
You block Terence's attack.
Terence hits you with a +2 flail of protection.
You hit Terence but do no damage. Your bite misses Terence.
Terence is lightly wounded.
Terence hits you with a +2 flail of protection.
You hit Terence but do no damage.
Terence is lightly wounded.
You block Terence's attack.
You barely miss Terence.
Terence is lightly wounded.
You block Terence's attack.
You hit Terence but do no damage.
Terence is lightly wounded.
You block Terence's attack.
You hit Terence but do no damage.
Terence is lightly wounded.
You block Terence's attack.
You closely miss Terence. You bite Terence, but do no damage.
Terence is lightly wounded.
You block Terence's attack.
You hit Terence.
Terence is lightly wounded.
Terence hits you with a +2 flail of protection.
You block Terence's attack.
You closely miss Terence.
Terence is lightly wounded.
Terence hits you with a +2 flail of protection.
You barely miss Terence. You bite Terence, but do no damage.
Terence is lightly wounded.
You block Terence's attack.
You hit Terence but do no damage.
Terence is lightly wounded.
Terence hits you with a +2 flail of protection!
You die...

#........#
#####.#### #.# #
##.## #.# #...##
##.## #.###.###
#...## #.
#...####.....# #
#..@....#...
#...##@###.##.#
##.#
#.###.##.#####..
#.
#.......<......#
#
#####.##.#######
#>##.# ......
...##.#.
##..##.#.#
#...... .


You could see Terence.

Vanquished Creatures
  3 ball pythons (D:1)
  4 endoplasms (D:1)
  A giant cockroach (D:1)
  3 goblins (D:1)
  A hobgoblin (D:1)
  2 jackals (D:1)
  3 quokkas (D:1)
  2 frilled lizards (D:1)
  A kobold (D:1)
  9 rats
29 creatures vanquished.

Notes
Turn   | Place    | Note
-------+----------+-------------------------------------------
     0 | D:1      | tizbic2 the Gnoll Wanderer began the quest for the Orb.
     0 | D:1      | tizbic2 set off with the following items: a +3 shortbow, 27
                  | arrows, a +0 ring mail
     0 | D:1      | Reached XP level 1. HP: 23/23 MP: 1/1
   551 | D:1      | Reached XP level 2. HP: 28/29 MP: 2/2
   792 | D:1      | Reached XP level 3. HP: 35/35 MP: 3/3
  1326 | D:2      | Noticed Terence
  1643 | D:2      | Slain by Terence

Illustrated notes

Levels and vault maps discovered:
D:1:      nicolae_arrival_somewhat_less_tricky_arrival, layout_basic,
          feat_on_display
D:2:      layout_loops_corners, chequers_serial_rivers_micro_c, uniq_terence,
          uniq_natasha

Action                   || total
-------------------------++-------
Melee: Unarmed           ||    15
       Bite              ||     8
       Club              ||     3
       Short sword       ||    37
 Fire: Shortbow          ||    40
Armor: Ring mail         ||    12
Dodge: Dodged            ||    23
Block: Tower shield      ||    10
